Unix NetHack Version 5.0.0-0 post-release - last build Jul 19 2026 19:10:59 (3aa4ab31751d3886436d94b585a96704892fd477,branch:main).

Game began 2026-07-26 10:12:15, ended 2026-07-26 10:29:57.

Anarchos, lawful female dwarven Valkyrie

                                         ---      ---
                                          .        .|
                                          .-----  -.|
                                   |     -.| ((|  |.|
                                   |?    |.| !(|  |.|      -----------
                                -- |.    +.|  .|  |.|      |.........|
                               ... -|-----.---|---|.|      |.........|
                                 -.............-..|.|      |.........|
                                 -- -..{..-|--%| .|.|      ----.---.--
                                    |a--|-|..|.----.|          #####
                                    |.|...|..|......|              #
                                 ----a|...|---|----%|#             ####
                                 |...@|...|  |.   |.%##            `###
                                 |....|...|  |..  |.|#####       ----|-----
                                 ----------  ---- -.|#   #####   |........|
                                                  ..|        ##  |........|
                                                 ----  ##########.........|
                                                                 |.......<|
                                                                 ----------

Anarchos the Skirmisher     St:15 Dx:14 Co:18 In:7 Wi:10 Ch:11  Lawful
Dlvl:7  $:76 HP:0(44) Pw:4(4) AC:6  Xp:4 T:2551 

Latest messages:
 You have trouble lifting 2 rothe corpses.  Continue? [ynq] (q) q
 You see here 2 rothe corpses.
 There are 2 rothe corpses here; eat one? [ynq] (n) y
 This rothe corpse is tough.
 You finish eating the rothe corpse.
 There is a rothe corpse here; eat it? [ynq] (n) y
 This rothe corpse is stringy.
 You finish eating the rothe corpse.
 Where do you want to travel to?
 (For instructions type a '?')
 You are in full health.
 You feel tough!
 You must have been leading a healthy life-style.
 You escape a rust trap.
 Where do you want to travel to?
 (For instructions type a '?')
 You descend the stairs.
 You swap places with the peaceful gnome.
 M - a dagger.
 N - a pair of iron shoes.
 With great effort you move the boulder.
 You have a little trouble lifting a partly eaten gnomish wizard corpse.  Continue? [ynq] (q) q
 There is a broken door here.
 You see here a partly eaten gnomish wizard corpse.
 O - a monkey corpse.
 You have trouble lifting a gnome corpse.  Continue? [ynq] (q) q
 You see here a gnome corpse.
 P - a cave spider corpse.
 You have trouble lifting an elf corpse.  Continue? [ynq] (q) q
 You see here an elf corpse.
 You hear someone cursing shoplifters.
 The giant ant bites!
 The giant ant bites!
 You miss the giant ant.
 The giant ant bites!
 The giant ant bites!
 You hit the giant ant!
 The giant ant bites!
 You kill the giant ant!
 You miss the soldier ant.
 The soldier ant bites!
 The soldier ant stings!
 The soldier ant bites!
 The soldier ant stings!
 You miss the soldier ant.
 The soldier ant bites!
 The soldier ant stings!
 You die...
 Do you want your possessions identified? [ynq] (y) y
 Do you want to see your attributes? [ynq] (y) q

Inventory:
 Coins    ('$')
  $ - 76 gold pieces
 Amulets  ('"')
  r - an uncursed amulet of reflection
 Weapons  (')')
  m - a +0 bow
  M - a blessed +1 dagger
  b - 10 +0 daggers (at the ready)
  a - a +1 dwarvish spear (weapon in left hand)
  t - a +0 flail
 Armor    ('[')
  N - an uncursed +0 pair of iron shoes
  c - a blessed +3 small shield (being worn)
  J - an uncursed +0 cloak of protection
 Comestibles  ('%')
  H - an uncursed slime mold
  i - 2 uncursed cream pies
  d - 3 uncursed food rations
  e - 2 cursed food rations
  P - an uncursed cave spider corpse
  O - an uncursed monkey corpse
  F - an uncursed small glob of gray ooze
 Scrolls  ('?')
  o - an uncursed scroll of enchant weapon
  K - an uncursed scroll of gold detection
  l - an uncursed scroll of identify
  z - an uncursed scroll of remove curse
 Spellbooks  ('+')
  p - an uncursed spellbook of healing
 Potions  ('!')
  v - an uncursed potion of booze
  h - an uncursed potion of extra healing
  q - 2 uncursed potions of healing
 Rings    ('=')
  L - an uncursed ring of conflict
 Gems/Stones  ('*')
  k - a cursed jade stone
  B - an uncursed worthless piece of black glass
  y - 3 uncursed worthless pieces of blue glass
  x - 3 uncursed worthless pieces of orange glass
  A - an uncursed worthless piece of red glass
  G - an uncursed worthless piece of violet glass
  g - 3 uncursed worthless pieces of yellow glass
  E - an uncursed rock

Anarchos the Valkyrie's attributes:

Background:
 You were a Skirmisher, a level 4 dwarven Valkyrie.
 You were lawful, nominally on a mission for Tyr
 who was opposed by Odin (neutral) and Loki (chaotic).
 You were left-handed.
 You were in the Gnomish Mines, on level 7.
 You entered the dungeon 2551 turns ago.
 You had 103 experience points, 57 more were needed to attain level 5.

Basics:
 You had 0 out of 44 hit points.
 You had all 4 energy points (spell power).
 Your armor class was 6.
 Your wallet contained 76 zorkmids.
 Autopickup was on for all types.

Final Characteristics:
 Your strength was 15 (peak:18, limit:18/100).
 Your dexterity was 14 (limit:20).
 Your constitution was 18 (limit:20).
 Your intelligence was 7 (limit:16).
 Your wisdom was 10 (limit:16).
 Your charisma was 11 (limit:16).

Final Status:
 You weren't hungry.
 You were unencumbered.
 You were wielding a spear.
 You had basic skill with spear.

Final Attributes:
 You were piously aligned.
 You were cold resistant.
 You had infravision.
 You were stealthy.
 You are dead.

Miscellaneous:
 You encountered 1 bones level.
 Total elapsed playing time was 17 minutes and 41 seconds.

Major events:
 Turn
    1: Anarchos the lawful dwarven Valkyrie entered the dungeon
 1181: entered the Gnomish Mines
 2019: attained the rank of Skirmisher (level 3)
 2521: reached Mine Town
 2551: killed by a soldier ant

You didn't know any spells.

Skills:
 Fighting Skills
   bare handed combat [Unskilled]
   two weapon combat  [Unskilled]
   riding             [Unskilled]
 Weapon Skills
   dagger             [Basic]
   axe                [Unskilled]
   pick-axe           [Unskilled]
   short sword        [Unskilled]
   broadsword         [Unskilled]
   long sword         [Unskilled]
   two-handed sword   [Unskilled]
   saber              [Unskilled]
   hammer             [Unskilled]
   quarterstaff       [Unskilled]
   polearms           [Unskilled]
   spear              [Basic]
   trident            [Unskilled]
   lance              [Unskilled]
   sling              [Unskilled]
 Spellcasting Skills
   attack spells      [Unskilled]
   escape spells      [Unskilled]

Voluntary challenges:
 Character rerolling was not enabled.
 You were an atheist.
 You were illiterate.
 You never genocided any monsters.
 You never polymorphed an object.
 You never changed form.
 You used no wishes.
Achievements:
 You entered a shop.
 You entered the Gnomish Mines.
 You attained the rank of Skirmisher.
 You entered Minetown.

 The Dungeons of Doom: levels 1 to 4
    Level 1:
       A fountain.
    Level 2:
       Many fountains.
    Level 3:
       A bookstore, some fountains.
    Level 4:
       Some fountains.
       Stairs down to The Gnomish Mines.
 The Gnomish Mines: levels 5 to 7
    Level 5:
    Level 6:
    Level 7: <- You were here.
       A fountain.
       Final resting place for
          you, killed by a soldier ant,
          LambdaTheYASD-Kni-Hum-Mal-Law, killed by a giant ant.


Vanquished creatures:
  a rock piercer
  a gnome leader
  2 gray oozes
  2 giant ants
  2 rothes
 an iguana
  a coyote
  a hobbit
  2 manes
  a brown mold
  8 gnomes
  a gnome zombie
  2 jackals
  a goblin
  a sewer rat
  4 grid bugs
  2 lichens
  a kobold zombie
  2 newts
36 creatures vanquished.

No species were genocided or became extinct.

Game over:
                       ----------
                      /          \
                     /    REST    \
                    /      IN      \
                   /     PEACE      \
                  /                  \
                  |     Anarchos     |
                  |      76 Au       |
                  |   killed by a    |
                  |   soldier ant    |
                  |                  |
                  |                  |
                  |       2026       |
                 *|     *  *  *      | *
        _________)/\\_//(\/(/\)/\//\/|_)_______

Farvel Anarchos the Valkyrie...

You died in The Gnomish Mines on dungeon level 7 with 781 points,
and 76 pieces of gold, after 2551 moves.
You were level 4 with a maximum of 44 hit points when you died.

